 Dungeon Sprint DCSS version 0.31-a0-542-gdc2a67831c (webtiles) character file.

Game seed: 7732763062508365146

18 rocky1 the Ruffian (level 2, -1/21 HPs)
             Began as a Demonspawn Shapeshifter on Aug 15, 2023.
             Slain by a water moccasin (8 damage)
             ... in the Dungeon (Sprint IX: "|||||||||||||||||||||||||||||").
             The game lasted 00:00:19 (53 turns).

rocky1 the Ruffian (Demonspawn Shapeshifter)          Turns: 53, Time: 00:00:19

Health: -1/21      AC:  2    Str: 15    XL:     2   Next: 48%
Magic:  2/2        EV: 12    Int:  9    God:
Gold:   0          SH:  0    Dex: 13    Spells: 1/1 levels left

rFire   . .          .
                       - Unarmed
rCold   . . .        (no shield)
rNeg    . . .        a - +0 animal skin
rPois   .            (helmet currently unavailable)
rElec   .            (cloak currently unavailable)
rCorr   .            (gloves currently unavailable)
SInv    .            (boots currently unavailable)
Will    .....        (no amulet)
Stlth   +            (no ring)
HPRegen 0.23/turn    (no ring)
MPRegen 0.08/turn

%: no teleportation
@: beast-form
A: beast (slay +2), antennae 1
a: Begin Untransformation


You were in the Dungeon.
You were a hulking beast.
You visited 1 branch

Inventory:

Armour
 a - a +0 animal skin (worn)
Talismans
 c - a beast talisman (active)
 d - a flux talisman
Scrolls
 j - a scroll of blinking
Potions
 b - a potion of lignification
 e - a potion of curing
 f - a potion of heal wounds
 g - a potion of haste
 h - 2 potions of magic
 i - a potion of berserk rage


   Skills:
 + Level 1.0 Fighting
 + Level 2.1 Dodging
 + Level 4.0 Unarmed Combat
 + Level 3.9 Shapeshifting


You had one spell level left.
You didn't know any spells.
Your spell library was empty.

Dungeon Overview and Level Annotations

Branches:
Dungeon (1/1)

Altars:


Innate Abilities, Weirdness & Mutations

You are a hulking beast.
Your limbs bulge with bestial killing power. (Slay +2)
You have a pair of small antennae on your head.


Message History

You kill the orc!
The adder bites you.
You have reached level 2!
You feel monstrous as your demonic heritage exerts itself.
Your demonic ancestry asserts itself...
A pair of antennae grows on your head!
You hit the adder but do no damage. The adder closely misses you.
You barely miss the adder. The adder bites you but does no damage.
You miss the adder. The adder bites you.
You closely miss the adder. The adder closely misses you.
You hit the adder.
The adder is severely wounded.
The adder bites you. The adder closely misses you.
You punch the adder!
You kill the adder!
The water moccasin misses you.
Your Dodging skill increases to level 2!
Your Unarmed Combat skill increases to level 4!
You miss the water moccasin. The water moccasin closely misses you.
You miss the water moccasin. The water moccasin barely misses you.
You barely miss the water moccasin. The water moccasin bites you.
The water moccasin barely misses you.
You punch the water moccasin!
The water moccasin is moderately wounded.
The water moccasin barely misses you.
You hit the water moccasin.
The water moccasin is moderately wounded.
The water moccasin bites you but does no damage.
Okay, then.
You barely miss the water moccasin.
The water moccasin is moderately wounded.
The water moccasin bites you but does no damage.
The water moccasin bites you.
You hit the water moccasin.
The water moccasin is heavily wounded.
The water moccasin bites you.
You closely miss the water moccasin.
The water moccasin is heavily wounded.
The water moccasin bites you!
You die...

▓+▓
▓.▓
▓.▓
▓.▓
▓l▓
▓5▓
▓S▓
▓h▓
▓.▓
▓.▓
▓.▓
▓)▓
▓)▓
▓.▓
▓.▓
▓.▓


You could see a water moccasin, an iguana and a shadow imp.

Vanquished Creatures
  An adder (D)
  A dart slug (D)
  An orc (D)
  An endoplasm (D)
  A goblin (D)
  2 kobolds (D)
7 creatures vanquished.

Notes
Turn   | Place    | Note
-------+----------+-------------------------------------------
     0 | D        | rocky1 the Demonspawn Shapeshifter began the quest for the
                  | Orb.
     0 | D        | Reached XP level 1. HP: 15/15 MP: 1/1
    11 | D        | Reached skill level 3 in Unarmed Combat
    37 | D        | Noticed an iguana
    37 | D        | Noticed a water moccasin
    40 | D        | Discovered your monstrous ancestry.
    40 | D        | Gained mutation: You have a pair of small antennae on your
                  | head. [demonic ancestry]
    40 | D        | Reached XP level 2. HP: 20/21 MP: 2/2
    46 | D        | Reached skill level 4 in Unarmed Combat
    53 | D        | Slain by a water moccasin

Illustrated notes

Levels and vault maps discovered:
D:        linesprint [early_d, line_temple, items_1, d_10, items_2, lair_1,
          lair_end, items_3, orc_1, orc_end, items_4, d_15, swamp_1, shoals_1,
          snake_1, spider_1, d_20, vaults_1, items_5, swamp_end, shoals_end,
          snake_end, spider_end, vaults_end, d_27, items_6, zot_1, zot_end,
          crypt_end, forest_end, elf_end, slime_end, tomb_end, abyss_end,
          pan_hell_end]

Skill      XL: |  1  2 |
---------------+-------+-----
Shapeshifting  | 3 |  3.9
Unarmed Combat | 3 4 |  4.0
Dodging        | 2 |  2.1
Fighting       | |  1.0

Action                     || total
---------------------------++-------
  Melee: Unarmed           ||    30
 Armour: Animal skin       ||     3
  Dodge: Dodged            ||    14

Table legend: (Time is in decaauts)
 A = Elapsed time spent in this place.
 B = Non-inter-level travel time spent in this place.
 C = Inter-level travel time spent in this place.
 D = Time resting spent in this place.
 E = Time spent auto-exploring this place.
 F = Levels seen in this place.
 G = Mean time per level.
                   A        B        C        D        E       F      G
               +--------+--------+--------+--------+--------+-----+--------+
         Total |     51 |     51 |      0 |     13 |      0 |   1 |   51.0 |
       Dungeon |     51 |     51 |      0 |     13 |      0 |   1 |   51.0 |
               +--------+--------+--------+--------+--------+-----+--------+

Top non-repeatable levels by time:
       D: 51 daAuts
